[Event "Coimbra Queima Fitas Open 2024"]
[Site "Coimbra"]
[Date "2024.04.28"]
[Round "7.16"]
[White "Pacetti Terra, Nicolas Marcelo"]
[Black "Faryma, Maksym"]
[Result "0-1"]
[ECO "A50"]
[WhiteElo "2019"]
[BlackElo "1863"]
[Annotator "TA"]
[PlyCount "134"]
[EventDate "2024.04.23"]
[EventType "swiss"]
[EventCountry "POR"]
[SourceTitle "playchess.com"]
[Source "ChessBase"]
[SourceQuality "1"]
[TimeControl "5400+30"]

1. d4 Nf6 2. c4 b6 3. Nc3 Bb7 4. d5 d6 5. e4 Nbd7 6. Bd3 {[%emt 0:09:12] A50: Queen's Fianchetto Defence (1 d4 Nf6 2 c4 b6).} g6 7. f4 c6 $146 ({Predecessor:} 7... Bg7 8. Nf3 O-O 9. O-O e6 10. Re1 e5 11. f5 h6 12. Bd2 a6 13. Qc1 Kh7 {1-0 Aranha Filho,A (2316)-Bastos Seixas,P (2041) Florianopolis op 4th 2018 (1)}) 8. Nf3 cxd5 9. cxd5 Bg7 10. O-O O-O 11. Re1 Kh8 12. h3 a5 13. Bb5 Rc8 14. e5 Ne8 15. e6 fxe6 16. Ng5 Nc7 17. dxe6 Nf6 18. Nf7+ Rxf7 19. exf7 Nxb5 20. Nxb5 Qd7 21. Nc3 b5 22. a4 b4 23. Nb5 Rf8 24. Be3 Rxf7 25. Rc1 Nd5 26. Bd4 Rxf4 27. Bxg7+ Kxg7 28. Qd2 Rf8 29. Rf1 Re8 (29... Rxf1+ $14 30. Rxf1 Bc6) 30. Qf2 $1 $16 e5 $2 (30... Rb8 $16 {is a better defense.} 31. Qf7+ Kh8) 31. Rfd1 $2 (31. Nxd6 $1 $18 Qxd6 32. Qf7+ Kh6 33. Qxe8) 31... Re7 32. Qa7 (32. Qh4 $14) 32... Qd8 $11 33. Qf2 Rf7 34. Qc2 $2 (34. Qe1 $1 $11 {and White stays safe.}) 34... Rd7 $2 (34... Qb6+ 35. Kh2 $11) (34... Ne3 $1 $19 35. Nc7 (35. Rxd6 $2 Qg5 $19) 35... Kg8 (35... Nxc2 $2 36. Ne6+ Kf6 37. Nxd8 $18)) 35. Qb3 {[%emt 0:00:30] [#]} (35. Rd3 $1 $15 Qh4 (35... Nf4 36. Rxd6 Kh6 37. Qd2 $11) 36. Rf1) 35... Nf4 $1 $17 36. Rd2 $2 (36. Rc2 $17 {is the only way for White.}) 36... Qg5 37. Rcc2 Be4 38. Nc7 $2 (38. Nxd6 Bxg2 (38... Bxc2 39. Qxc2 Nxh3+ 40. Kh1 $11) 39. Ne8+ (39. Rxg2 $2 Nxg2 40. Ne8+ Kh8 $19) 39... Kh8 40. Rxg2 Nxg2 (40... Qd8 41. Qe3 $11) 41. Rxg2) 38... Bxc2 $19 39. Rxc2 Qe7 40. Nd5 Qf7 41. Rd2 Qe6 42. Qf3 Nh5 43. Qd3 Rf7 44. Rf2 $2 (44. Ne3 $17) 44... Rxf2 $19 45. Kxf2 Nf6 46. Nxf6 Qxf6+ (46... Kxf6 47. Ke1 $19) 47. Kg1 Qd8 48. Qb5 Qc7 49. b3 Kf6 50. Qe8 Kg7 $2 (50... Kg5 $19 51. Qb5 Qc1+ 52. Kh2 Qf4+ 53. g3 Qf2+ 54. Kh1 Qxg3) 51. Qe6 $2 (51. Qb5 $11 e4 52. h4) 51... Qc1+ $19 52. Kh2 {[%emt 0:00:16] [#]} Qf4+ $1 53. Kh1 e4 54. Qe7+ Kh6 55. g3 Qxg3 56. Qxe4 Qxh3+ 57. Kg1 Qg3+ 58. Kh1 Qe5 59. Qa8 Qf5 60. Qd8 Qe5 $2 (60... Qh5+ {mates} 61. Kg2 Qg5+ 62. Qxg5+ Kxg5 63. Kf3 h5 64. Kg3 h4+ 65. Kf3 Kf5 66. Ke3 h3 67. Kf2 Kf4 68. Kf1 Kf3 69. Kg1 d5 70. Kh1 d4 71. Kh2 d3 72. Kxh3 g5 (72... d2 73. Kh4 Kf4 74. Kh3 d1=Q 75. Kg2 Qd2+ 76. Kg1 Kf3 77. Kh1 Qg2#) 73. Kh2 d2 74. Kh3 d1=Q (74... d1=B 75. Kh2 g4 76. Kg1 Be2 77. Kh2 Kf2 78. Kh1 Bf1 79. Kh2 g3+ 80. Kh1 Bg2#) 75. Kh2 Qe2+ 76. Kh3 Qg2#) 61. Qf8+ $2 (61. Qa8 $11 Qa1+ 62. Kg2) 61... Kg5 62. Qd8+ Kh5 63. Qg8 h6 (63... Kg4 $142 64. Qc4+ Qf4 65. Qc2 Qf3+ 66. Kg1 d5 (66... Qe3+ $2 67. Kf1 $19) 67. Qd2 Qe4 (67... Qxb3 68. Qd4+ Kf3 69. Qf6+ Ke2 70. Qf2+ Kd1 71. Qd4+ Kc1 72. Qc5+ Qc2 73. Qe3+ Kb1 74. Qf3 $19) (67... Qg3+ $2 68. Kh1 $19) 68. Qc1 Qd3 69. Qc6 Qd1+ (69... Qxb3 70. Qe6+ Kf4 71. Qf7+ Ke3 72. Qf2+ Kd3 73. Qg3+ Kc2 74. Qf2+ Kc1 75. Qf4+ Kb1 76. Qf1+ Ka2 77. Qg2+ Ka1 78. Qf2 $19) 70. Kg2 Qd2+ (70... Qxb3 71. Qd7+ Kf4 72. Qd6+ Ke4 73. Qe7+ Kd3 74. Qh4 $19) 71. Kg1 Kf3 72. Qf6+ Qf4 73. Qb2 Qe3+ 74. Kf1 Qd3+ 75. Kg1 Qd1+ 76. Kh2 Qe2+ 77. Qxe2+ Kxe2 78. Kg3 Ke3 79. Kg2 d4 80. Kf1 d3 81. Ke1 d2+ 82. Kd1 h5 83. Kc2 h4 (83... Ke2 {leads to mate.} 84. Kb1 d1=Q+ 85. Ka2 Kd3 86. Kb2 Qe2+ 87. Kb1 Kc3 88. Kc1 Qf1#) 84. Kd1 h3 85. Kc2 h2 86. Kb2 d1=Q (86... h1=B 87. Kc2 Ke2 88. Kb1 Be4+ 89. Ka2 d1=Q 90. Kb2 Qb1#) 87. Ka2 Qe2+ 88. Kb1 h1=Q#) 64. Qf8 Kg5 (64... Kg4 $142 65. Qf2 Qe4+ 66. Kg1 h5 67. Qa7 Qe1+ 68. Kg2 Qe2+ 69. Kh1 Qd1+ 70. Kg2 Qc2+ (70... Qxb3 71. Qd7+ Kg5 72. Qd8+ Kf5 73. Qxd6 $19) 71. Kf1 Kf3 (71... Qxb3 72. Qd4+ Kf5 73. Qf2+ Ke5 74. Qh2+ Kd5 75. Qd2+ Ke4 76. Qe2+ Kd4 77. Qf2+ Qe3 78. Qb2+ Kc4 79. Qc2+ Qc3 80. Qe4+ Kb3 81. Qb1+ Kxa4 82. Qd1+ b3 83. Qxd6 $19) 72. Qb7+ Kg3 73. Ke1 Qf2+ (73... Qxb3 $2 74. Qa6 $19) 74. Kd1 Qf3+ 75. Qxf3+ Kxf3 76. Kd2 Ke4 77. Ke2 d5 78. Kf2 d4 79. Ke2 h4 80. Kf1 Ke3 81. Kg2 d3 82. Kh3 Kf4 (82... d2 {is a self mate.} 83. Kg4 d1=Q+ 84. Kg5 Qd6 85. Kh6 Qe7 86. Kxg6 Kf4 87. Kh6 Kf5 88. Kh5 Qh7#) 83. Kh2 d2 84. Kg2 d1=Q (84... d1=B {gets mated.} 85. Kh3 Bxb3 86. Kh2 Bd5 87. Kg1 b3 88. Kf1 b2 89. Ke2 b1=Q 90. Kd2 Qb2+ 91. Ke1 Ke3 92. Kf1 Qf2#) 85. Kf2 Qc2+ (85... Qxb3 86. Kf1 Qc2 87. Kg1 Kf3 88. Kh1 Qg2#) 86. Ke1 Kg3 87. Kf1 Qf2#) 65. Qd8+ Kg4 66. Qc8+ Kg3 67. Qc1 Qe4+ 0-1

[Event "Coimbra Queima Fitas Open 2024"]
[Site "Coimbra"]
[Date "2024.04.28"]
[Round "7.17"]
[White "Goncalves, Diogo Figueiredo"]
[Black "Bernardo, Daniel Madureira"]
[Result "0-1"]
[ECO "B10"]
[WhiteElo "1864"]
[BlackElo "2005"]
[Annotator "NA RC"]
[PlyCount "94"]
[EventDate "2024.04.23"]
[EventType "swiss"]
[EventCountry "POR"]
[SourceTitle "playchess.com"]
[Source "ChessBase"]
[SourceQuality "1"]
[TimeControl "5400+30"]

1. e4 c6 2. Nf3 d5 3. d3 Bg4 4. h3 Bh5 5. Nc3 dxe4 6. dxe4 Qxd1+ 7. Nxd1 f6 8. g4 Bg6 9. Nd2 e5 10. Ne3 Bf7 11. a4 Nd7 12. Bc4 Bc5 13. Ke2 Ne7 14. c3 a5 15. Nf5 Nxf5 16. gxf5 g6 17. fxg6 hxg6 18. Bxf7+ Kxf7 19. Nc4 Nb6 20. Nxb6 Bxb6 21. Be3 Bxe3 22. Kxe3 Rh4 23. Rad1 Ke7 24. Rd2 Rd8 25. Rxd8 Kxd8 26. f3 Ke7 27. Rg1 Kf7 28. Rd1 Ke6 29. Rg1 Rxh3 30. Rxg6 Rh2 31. b4 axb4 32. cxb4 Rb2 33. b5 cxb5 34. axb5 Rxb5 35. Rg7 Rb3+ 36. Ke2 Rb1 37. Kd3 b5 38. Rb7 Rb3+ 39. Ke2 b4 40. Rb6+ Kf7 41. Rb7+ Kg6 42. Rb8 Rb2+ 43. Ke3 b3 44. Rb7 Rb1 45. Kf2 b2 46. Rb8 Rh1 47. Kg2 Rb1 0-1

[Event "Coimbra Queima Fitas Open 2024"]
[Site "Coimbra"]
[Date "2024.04.28"]
[Round "7.18"]
[White "Morais, Mario Martins Freita"]
[Black "Costa, Rui Filipe Magalhaes"]
[Result "0-1"]
[ECO "D00"]
[WhiteElo "1835"]
[BlackElo "1994"]
[Annotator "TA"]
[PlyCount "132"]
[EventDate "2024.04.23"]
[EventType "swiss"]
[EventCountry "POR"]
[SourceTitle "playchess.com"]
[Source "ChessBase"]
[SourceQuality "1"]
[TimeControl "5400+30"]

1. d4 d5 2. Nc3 Nf6 3. Bf4 c6 4. e3 g6 5. Bd3 Bg7 6. Nf3 O-O 7. h3 Nbd7 8. O-O b5 9. Ne2 Bb7 10. c3 {[%emt 0:00:22] The position is equal.} Qb6 11. a4 a5 12. b3 Rfc8 13. Ne5 Ba6 14. b4 bxa4 {[%emt 0:09:47] ...Nxe5 is the strong threat.} 15. bxa5 Qxa5 (15... Qd8 $1 $11 {is more appropriate.}) 16. Rxa4 $14 Qb6 (16... Qxa4 $14 17. Qxa4 Bxd3) 17. Rb4 $2 (17. Qa1 $18) 17... Qd8 $11 18. Qb3 (18. Bxa6 $11 {might be stronger.} Rxa6 19. Ra4 Rxa4 20. Qxa4) 18... Nxe5 $15 19. Bxa6 Rxa6 20. Bxe5 Nd7 (20... Ne4 $15 21. Bxg7 Kxg7) 21. Bxg7 $11 Kxg7 22. Rb7 Rc7 23. Rb1 Ra7 24. Rxa7 Rxa7 25. c4 Qa5 26. Nc3 e6 27. e4 e5 28. exd5 exd4 29. Ne4 cxd5 30. cxd5 Nc5 31. Nxc5 Qxc5 32. Qb6 $2 (32. Qb8 $11) 32... Qxb6 $19 (32... Qxd5 $2 33. Qxa7 h6 34. Rd1 $18) 33. Rxb6 {[%emt 0:00:01][%mdl 4096] Endgame. KR-KR} d3 (33... Ra1+ $19 34. Kh2 Ra5) 34. Rb2 $2 ({Better is} 34. Rb1 $15) 34... Kf6 35. f3 Ke5 36. Kf2 $2 (36. d6 $17) 36... Kd4 $2 (36... Kxd5 $19 37. Ke1 Kc4) 37. d6 $11 Rd7 38. Rb6 Kc5 39. Rb2 (39. Ra6 $11 {and White has nothing to worry.}) 39... Rxd6 $19 {[%emt 0:00:55] [#] Threatens to win with ...d2.} (39... Kxd6 40. Ke3 $11) 40. Ke3 (40. Ke1 {was the only chance.} Re6+ 41. Kd1) 40... Kc4 {[%emt 0:02:37] ...Kc3 would now be deadly.} 41. Kd2 Re6 {[%emt 0:01:31] ( -> ...Re2+)} 42. Kd1 (42. Rb7 Re2+ 43. Kd1) 42... f5 43. Rb7 h5 44. g4 Kd4 {[%emt 0:04:02] [#] White must now prevent ...f4.} 45. Rd7+ Ke3 46. gxf5 gxf5 47. Rd5 Rf6 (47... Kxf3 48. Rxf5+ Ke3 49. h4 $11) 48. h4 Kxf3 {[%emt 0:00:58] Strongly threatening ...f4.} 49. Kd2 Kg4 {[%emt 0:01:36] And now ...f4 would win.} 50. Ke3 f4+ {[%emt 0:01:19] Black mates.} ({Inferior is} 50... Kxh4 51. Kf4 $11) 51. Kf2 Ra6 ({And not} 51... Kxh4 52. Kf3 $11) 52. Rxd3 Ra2+ ({Stronger than} 52... Kxh4 53. Kf3 $11) 53. Kf1 Kxh4 54. Rd8 Kg3 55. Rg8+ Kf3 56. Kg1 Ra5 57. Rg7 h4 58. Kh2 Re5 59. Rh7 Ke2 60. Rxh4 f3 61. Ra4 f2 62. Ra2+ Kf3 63. Ra3+ Re3 64. Ra1 Rd3 65. Rb1 Rd6 66. Rb3+ Ke2 {[%emt 0:00:09] Never resign too early!   Weighted Error Value: White=0.97/Black=0.37.  Loses game:     	White=4     	Black=1      Missed win:     	White=1     	Black=1      Mistake:       	White=3     	Black=3      Inaccurate:     	White=1     	Black=2      OK:         	White=15    	Black=10     Best:        	White=2     	Black=5} 0-1